 Dungeon Crawl Stone Soup version 0.31-a0-233-g139696dc86 (webtiles) character file.

Game seed: 9220215862834769973

1148 qw the Skirmisher (level 8, -2/69 HPs)
             Began as a Minotaur Hexslinger on July 9, 2023.
             Succumbed to an orc wizard's poison
             ... on level 6 of the Dungeon.
             The game lasted 00:02:05 (5498 turns).

qw the Skirmisher (Minotaur Hexslinger)             Turns: 5498, Time: 00:02:05

Health: -2/69      AC: 10    Str: 14    XL:     8   Next: 15%
Magic:  8/8        EV: 11    Int: 10    God:
Gold:   273        SH:  0    Dex: 14    Spells: 8/9 levels left

rFire   . . .        Y - +3 sling
rCold   + . .        (no shield)
rNeg    . . .        b - +0 ring mail
rPois   .            (helmet restricted)
rElec   .            p - +1 cloak
rCorr   .            (no gloves)
SInv    .            e - +2 pair of boots
Will    +....        (no amulet)
Stlth   +            q - ring of protection from cold
HPRegen 0.31/turn    l - ring of willpower
MPRegen 0.11/turn

%: no passive effects
@: lethally poisoned (-2 -> -20), about to teleport
A: horns 2, retaliatory headbutt
a: no special abilities


You were on level 6 of the Dungeon.
You visited 1 branch of the dungeon, and saw 6 of its levels.
You also visited: Sewer.

You collected 273 gold pieces.


Innate Abilities, Weirdness & Mutations

You have a pair of horns on your head.
You reflexively headbutt those who attack you in melee.


   Skills:
 + Level 5.5 Fighting
 - Level 9.3 Ranged Weapons
 - Level 2.1 Armour
 - Level 2.1 Dodging
 - Level 1.0 Spellcasting
 - Level 2.0 Hexes


You had 8 spell levels left.
You knew the following spells:

 Your Spells              Type           Power      Damage    Failure   Level
a - Slow                  Hex            16%        N/A       30%         1

Your spell library contained the following spells:

 Spells                   Type           Power      Damage    Failure   Level
 Inner Flame              Hex/Fire       2%         N/A       80%         3
 Portal Projectile        Hex/Tloc       4%         N/A       80%         3
 Cause Fear               Hex            2%         N/A       96%         4

Inventory:

Hand Weapons
 Y - a +3 sling (weapon)
Armour
 b - a +0 ring mail (worn)
 e - a +2 pair of boots (worn)
 p - a +1 cloak (worn)
Jewellery
 a - a ring of resist corrosion
 h - a ring of resist corrosion
 l - a ring of willpower (right hand)
 q - a ring of protection from cold (left hand)
Scrolls
 g - a scroll of identify
 k - a scroll of teleportation
Potions
 c - a potion of enlightenment {unknown}
 d - a potion of heal wounds
 f - a potion of curing
 i - a potion of degeneration {unknown}
 j - a potion of invisibility {unknown}
 m - a potion of might {unknown}
 n - a potion of haste {unknown}
 o - a potion of ambrosia {unknown}

Dungeon Overview and Level Annotations

Branches:
Dungeon (6/15)              Sewer (visited)
 Temple: D:4-7

Altars:
Dithmenos
Gozag
Makhleb
The Shining One

Shops:
D:4 [


Message History

You shoot a sling bullet.
The sling bullet hits the orc wizard but does no damage.
You feel very sick.
You hear a shout!
The orc wizard hits you with a +2 dagger of venom.
You are more poisoned.
You hear a shout!
You shoot a sling bullet. The sling bullet hits the orc wizard.
The orc wizard is moderately wounded.
You feel very sick.
The orc wizard hits you but does no damage.
You shoot a sling bullet. The sling bullet hits the orc wizard!
The orc wizard is severely wounded.
You feel very sick.
The orc wizard hits you with a +2 dagger of venom.
You are more poisoned.
You shoot a sling bullet. The sling bullet hits the orc wizard.
The orc wizard is severely wounded.
You feel very sick.
The orc wizard drinks a potion.
The orc wizard is healed!
You shoot a sling bullet. The sling bullet hits the orc wizard!
The orc wizard is almost dead.
You feel very sick.
The orc wizard hits you but does no damage.
You are more poisoned.
You shoot a sling bullet.
The sling bullet barely misses the orc wizard.
You feel very sick.
The orc wizard hits you but does no damage.
You are lethally poisoned!
You shoot a sling bullet.
The sling bullet closely misses the orc wizard.
You feel very sick.
An orc comes into view.
It is wielding a +0 war axe of electrocution.
The orc wizard points at you and mumbles some strange words.
The puff of flame hits you!
5498 ||| READING 2 scrolls of teleportation.
As you read the scroll of teleportation, it crumbles to dust.
You feel strangely unstable.
You die...

### ... ..# ..# #.# #.#
#[# #.###.# ## #.##...
##.###o #..<...
..../.o###########.##...
#@...............#
##.########)#..### #.#
#.#..# #.# #.#..# #.#
#.#..# ..# #.#..# ###
#.#..# #..... #...##


You could see an orc wizard and an orc.

Vanquished Creatures
  Prince Ribbit (D:4)
  A water moccasin (D:5)
  An ogre (D:4)
  2 scorpions (D:5)
  A howler monkey (D:5)
  2 orc priests
  A hound (D:4)
  2 jellies (D:5)
  Jessica (D:3)
  A hell rat (Sewer)
  2 iguanas (D:5)
  5 orc wizards (D:5)
  3 gnolls (D:5)
  6 adders
  2 river rats (Sewer)
  A white imp (D:5)
  A worm (D:3)
  6 dart slugs
  17 orcs
  2 bats
  12 endoplasms
  12 giant cockroaches
  7 hobgoblins
  9 jackals
  3 quokkas
  4 ball pythons
  6 frilled lizards
  12 goblins
  6 kobolds
  11 rats
140 creatures vanquished.

Notes
Turn   | Place    | Note
-------+----------+-------------------------------------------
     0 | D:1      | qw the Minotaur Hexslinger began the quest for the Orb.
     0 | D:1      | Reached XP level 1. HP: 16/16 MP: 1/1
     0 | D:1      | 0 ||| qw: Version: 0.3-a-51-g015441d
     0 | D:1      | 0 ||| qw: Game counter: 3891
     0 | D:1      | 0 ||| qw: Melee chars always use a shield: true
     0 | D:1      | 0 ||| qw: God list: Okawaru
     0 | D:1      | 0 ||| qw: Allow faded altars: false
     0 | D:1      | 0 ||| qw: Do Orc after clearing Dungeon:15 true
     0 | D:1      | 0 ||| qw: Do second Lair branch before Depths: true
     0 | D:1      | 0 ||| qw: Lair rune preference: random
     0 | D:1      | 0 ||| qw: Goals: Normal
     0 | D:1      | 0 ||| PLANNING D:1-11
   177 | D:1      | 177 ||| Stepping ~*~*~tactically~*~*~ (outnumbered).
   180 | D:1      | Reached skill level 3 in Ranged Weapons
   184 | D:1      | Reached XP level 2. HP: 23/23 MP: 2/2
   247 | D:1      | 247 ||| Stepping ~*~*~tactically~*~*~ (outnumbered).
   253 | D:1      | 253 ||| FLEEEEING.
   257 | D:1      | Reached XP level 3. HP: 26/29 MP: 3/3
   672 | D:1      | 672 ||| UPGRADING to +0 leather armour.
   682 | D:1      | 682 ||| DROPPING +0 robe.
   683 | D:1      | 683 ||| READING 2 scrolls labelled HAOP ZUPNEXEI.
   684 | D:1      | 684 ||| READING scroll of enchant weapon.
   684 | D:1      | 684 ||| ENCHANTING +2 sling.
   685 | D:1      | 685 ||| READING scroll labelled MOESSACKYAR.
   690 | D:1      | 690 ||| READING scroll labelled PEEKAI FUSOA.
   691 | D:1      | 691 ||| DRINKING 2 amethyst potions.
   692 | D:1      | 692 ||| DROPPING scroll of poison.
   771 | D:2      | Reached skill level 4 in Ranged Weapons
  1083 | D:2      | Found a glowing golden altar of the Shining One.
  1122 | D:2      | Reached XP level 4. HP: 36/36 MP: 4/4
  1710 | D:2      | 1710 ||| UPGRADING to +0 ring mail.
  1720 | D:2      | 1720 ||| DROPPING +0 leather armour.
  1721 | D:2      | 1721 ||| UPGRADING to ring of willpower.
  1722 | D:2      | 1722 ||| READING scroll labelled ALOLOL NEUWAGG.
  1769 | D:3      | Found an opulent altar of Gozag.
  1770 | D:3      | 1770 ||| PLANNING SEWER
  1785 | D:3      | Found a shadowy altar of Dithmenos.
  1804 | D:3      | Noticed Jessica
  1811 | D:3      | Killed Jessica
  1812 | D:3      | Reached skill level 1 in Armour
  1961 | D:3      | Reached skill level 5 in Ranged Weapons
  2023 | D:3      | Found a burning altar of Makhleb.
  2055 | D:3      | Reached XP level 5. HP: 38/42 MP: 5/5
  2190 | D:3      | Found a glowing drain.
  2191 | D:3      | 2191 ||| UPGRADING to +0 pair of boots.
  2196 | D:3      | 2196 ||| UPGRADING to ring of resist corrosion.
  2197 | D:3      | 2197 ||| READING scroll labelled DEKAOXZ CAZI.
  2198 | D:3      | 2198 ||| DRINKING 2 sedimented grey potions.
  2212 | Sewer    | Entered a sewer
  2292 | Sewer    | 2292 ||| Stepping ~*~*~tactically~*~*~ (water).
  2294 | Sewer    | Reached skill level 3 in Fighting
  2307 | Sewer    | 2307 ||| Stepping ~*~*~tactically~*~*~ (water).
  2429 | Sewer    | 2429 ||| READING scroll labelled KONUW DUOCAEGYT.
  2430 | Sewer    | 2430 ||| READING 4 scrolls labelled QUECYM RUEDYWK.
  2431 | Sewer    | 2431 ||| READING 3 scrolls of enchant armour.
  2431 | Sewer    | 2431 ||| ENCHANTING +0 pair of boots.
  2432 | Sewer    | 2432 ||| READING 2 scrolls of enchant armour.
  2432 | Sewer    | 2432 ||| ENCHANTING +1 pair of boots.
  2433 | Sewer    | 2433 ||| READING 2 scrolls of identify.
  2433 | Sewer    | 2433 ||| IDENTIFYING sapphire potion
  2434 | Sewer    | 2434 ||| DROPPING potion of brilliance.
  2446 | D:3      | 2446 ||| PLANNING D:1-11
  2840 | D:3      | 2840 ||| READING scroll labelled FAKUAPIVEG.
  2841 | D:3      | 2841 ||| DRINKING 2 lumpy white potions.
  2946 | D:3      | 2946 ||| DROPPING potion of berserk rage.
  3091 | D:4      | Found Elilip's Armour Emporium.
  3101 | D:4      | 3101 ||| SHOPLISTING +4 moon troll leather armour {Spirit,
                  | Regen++ MP+5} (708 gold, have 187).
  3213 | D:4      | Noticed an ogre
  3219 | D:4      | Killed an ogre
  3220 | D:4      | Reached skill level 6 in Ranged Weapons
  3220 | D:4      | Reached XP level 6. HP: 36/51 MP: 6/6
  3979 | D:4      | 3979 ||| UPGRADING to +0 cloak.
  3984 | D:4      | 3984 ||| READING scroll of enchant armour.
  3984 | D:4      | 3984 ||| ENCHANTING +0 cloak.
  3985 | D:4      | 3985 ||| UPGRADING to ring of protection from cold.
  3987 | D:4      | 3987 ||| UPGRADING to ring of willpower.
  3989 | D:4      | 3989 ||| READING scroll labelled ABEDYWKAERE.
  3990 | D:4      | 3990 ||| DRINKING 2 glowing dark potions.
  4020 | D:4      | 4020 ||| DROPPING potion of lignification.
  4072 | D:5      | Entered Level 5 of the Dungeon
  4163 | D:5      | Reached skill level 7 in Ranged Weapons
  4287 | D:5      | Reached XP level 7. HP: 51/59 MP: 7/7
  4489 | D:5      | 4489 ||| Stepping ~*~*~tactically~*~*~ (outnumbered).
  4495 | D:5      | 4495 ||| DRINKING 2 potions of curing.
  4495 | D:5      | 4495 ||| (to cure confusion)
  4497 | D:5      | Reached skill level 8 in Ranged Weapons
  4540 | D:5      | 4540 ||| FLEEEEING.
  4541 | D:5      | 4541 ||| FLEEEEING.
  4549 | D:5      | 4549 ||| STAIRDANCE
  4645 | D:5      | 4645 ||| Stepping ~*~*~tactically~*~*~ (outnumbered).
  5202 | D:5      | 5202 ||| READING scroll labelled ZOYNEA YPUEMMU.
  5318 | D:5      | Noticed Prince Ribbit
  5327 | D:5      | 5327 ||| FLEEEEING.
  5328 | D:5      | 5328 ||| FLEEEEING.
  5329 | D:5      | 5329 ||| FLEEEEING.
  5330 | D:5      | 5330 ||| FLEEEEING.
  5331 | D:5      | 5331 ||| FLEEEEING.
  5332 | D:5      | 5332 ||| STAIRDANCE
  5334 | D:4      | Killed Prince Ribbit
  5335 | D:4      | Reached skill level 9 in Ranged Weapons
  5335 | D:4      | Reached XP level 8. HP: 31/68 MP: 8/8
  5497 | D:6      | HP: 13/69 [poisoned by an orc wizard]
  5497 | D:6      | HP: 3/69 [orc wizard/puff of flame (10)]
  5498 | D:6      | 5498 ||| READING 2 scrolls of teleportation.
  5498 | D:6      | Succumbed to an orc wizard's poison

Levels and vault maps discovered:
D:1:      dpeg_arrival_rooms_b, layout_basic, minmay_surrounded
D:2:      minmay_chambers_of_ones, layout_basic, serial_rivers,
          chequers_serial_rivers_micro_a, chequers_serial_rivers_marsh,
          chequers_serial_rivers_micro_b, chequers_serial_rivers_room_a,
          basic_altar, minmay_misc_feat_columns
D:3:      layout_basic, mainiacjoe_overflow_paths,
          mainiacjoe_overflow_catwalk_spiral, gup_sewer_entry_glass,
          st_stairs_9, uniq_jessica
D:4:      layout_basic, serial_shops, nicolae_shop_crystal
D:5:      layout_loops_ring, uniq_prince_ribbit1
D:6:      layout_loops_ring, nicolae_qazlal_eye_of_the_storm,
          lemuel_doored_altar, temple_doors_e, serial_shops,
          nicolae_shop_behind_doors, minmay_fire_ice_demons

Skill      XL: |  1  2  3  4  5  6  7 |
---------------+----------------------+-----
Ranged Weapons | 3 4 5 6 7 9 |  9.3
Fighting       | 2 3 4 5 |  5.5
Armour         | 1 2 |  2.1
Dodging        | |  2.1
Spellcasting   | |  1.0
Hexes          | |  2.0

Action                     |  1- 3 |  4- 6 |  7- 9 || total
---------------------------+-------+-------+-------++-------
   Fire: Sling             |   125 |   220 |   129 ||   474
    Use: Scroll            |     4 |    10 |     2 ||    16
         Potion            |     1 |     3 |     1 ||     5
 Armour: Robe              |    10 |       |       ||    10
         Ring mail         |       |    56 |    42 ||    98
  Dodge: Dodged            |    23 |    63 |    44 ||   130

Table legend:
 A = Non-vault XP
 B = Vault XP
 C = Vault XP percentage of total XP
 D = Non-vault monster count
 E = Vault monster count
 F = Vault count percentage of total count
                 A         B        C        D         E       F
            +---------+---------+-------+---------+---------+-------
      Total |    1227 |     413 |  25.2 |     114 |      26 |  18.6
            +---------+---------+-------+---------+---------+-------
        D:1 |      48 |      12 |  20.0 |      27 |       6 |  18.2
        D:2 |      45 |       9 |  16.7 |      21 |       5 |  19.2
        D:3 |      51 |      49 |  49.0 |      12 |       7 |  36.8
        D:4 |     251 |     277 |  52.5 |      22 |       1 |   4.3
        D:5 |     791 |       0 |   0.0 |      31 |       0 |   0.0
        D:6 |      41 |       0 |   0.0 |       1 |       0 |   0.0
      Sewer |       0 |      66 | 100.0 |       0 |       7 | 100.0
            +---------+---------+-------+---------+---------+-------
